Selects Airborne Battlegroup
Selects Airborne Battlegroup
Selects Heavy Machine Gun Paradrop
Heavy Machine Gun Paradrop
Heavy Machine Gun Paradrop
Selects Paratrooper Squad Paradrop
Selects Smoke Bombing Run
Paratrooper Squad Paradrop
Construct Medical Station
Paratrooper Squad Paradrop
Paratrooper Squad Paradrop
Selects Carpet Bombing Run
Paratrooper Squad Paradrop
Selects Anti-tank Gun Team Paradrop
M4(105) Sherman Bulldozer
Anti-tank Gun Team Paradrop